 Dungeon Crawl Stone Soup version 0.18.1-8-gdd0e5ea (webtiles) character file.

30 buf2 the Chiller (level 3, -2/25 HPs)
             Began as a Human Wanderer on June 3, 2016.
             Slain by a worm (8 damage)
             ... on level 2 of the Dungeon.
             The game lasted 00:05:06 (1570 turns).

buf2 the Chiller (Human Wanderer)                   Turns: 1570, Time: 00:05:06

Health: -2/25      AC:  3    Str: 13    XL:     3   Next: 35%
Magic:  4/4        EV: 11    Int: 13    God:
Gold:   97         SH:  0    Dex: 11    Spells: 0 memorised, 2 levels left

rFire  . . .     SeeInvis .     b - +0 short sword
rCold  . . .     Gourm    .     g - +0 leather armour
rNeg   . . .     Faith    .     (no shield)
rPois  .         Spirit   .     (no helmet)
rElec  .         Dismiss  .     (no cloak)
rCorr  .         Reflect  .     (no gloves)
SustAt .         Harm     .     (no boots)
MR     .....                    (no amulet)
Stlth  +.........               (no ring)
                                (no ring)

@: not resistant to hostile enchantments, very unstealthy
A: no striking features
a: no special abilities


You were on level 2 of the Dungeon.
You were not hungry.

You visited 1 branch of the dungeon, and saw 2 of its levels.

You collected 97 gold pieces.

Inventory:

Hand Weapons
 b - a +0 short sword (weapon)
 d - a +0 club
Missiles
 i - 46 sling bullets
 j - 59 stones (quivered)
Armour
 c - a +0 robe
 g - a +0 leather armour (worn)
Jewellery
 f - an uncursed ring of stealth {unknown}
Wands
 n - a wand of random effects (13/48)
Scrolls
 h - a scroll of fear {unknown}
 k - 2 scrolls of remove curse {unknown}
 l - a scroll of blinking {unknown}
 m - 2 scrolls of identify {unknown}
Potions
 e - 2 potions of flight {unknown}
Books
 a - a book of Frost

   Spells                             Type                      Level
   a - Freeze                         Ice                          1
   b - Throw Frost                    Conjuration/Ice              2
   c - Ozocubu's Armour               Charms/Ice                   3
   d - Throw Icicle                   Conjuration/Ice              4
   e - Summon Ice Beast               Ice/Summoning                4
Comestibles
 o - a chunk of flesh
 p - a royal jelly


   Skills:
 + Level 0.4 Fighting
 + Level 0.4 Maces & Flails
 + Level 0.2 Armour
 + Level 1.2 Dodging
   Level 1.0 Shields
   Level 1.0 Hexes
   Level 7.0 Ice Magic
 + Level 2.2 Evocations


You had 2 spell levels left.
You didn't know any spells.

Dungeon Overview and Level Annotations

Branches:
Dungeon (2/15)

Altars:


Message History

Your leather armour prevents you from hitting the worm.
The worm is lightly wounded.
Evoke which item? (* to show all) (? for menu, Esc to quit)
Zapping:
n - a wand of random effects (15/48)
Press: ? - help, Shift-Dir - straight line, f - worm
Aim: a worm (lightly wounded)
The worm struggles to resist.
This wand has 14 charges left.
The worm bites you but does no damage.
Evoke which item? (* to show all) (? for menu, Esc to quit)
Zapping:
n - a wand of random effects (14/48)
Press: ? - help, Shift-Dir - straight line, f/p - worm
Aim: a worm (lightly wounded)
The worm struggles to resist.
This wand has 13 charges left.
You hit the worm.
The worm is lightly wounded.
The worm barely misses you.
You hit the worm.
The worm is moderately wounded.
The worm bites you!
You die...

##### #
##...##
#.#..♣..##
#........#
##.$♣...w.#
#......<)@#
....♣.....#
.#........#
#.#..♣..##
# ##...##
.....
######


You could see a worm.

Vanquished Creatures
  An ooze (D:1)
  A giant gecko (D:1)
  2 giant cockroaches (D:1)
  3 hobgoblins (D:1)
  4 kobolds
  2 bats (D:1)
  A giant newt (D:1)
  5 goblins (D:1)
  4 rats (D:1)
23 creatures vanquished.

Vanquished Creatures (others)
  A bat (D:1)
  5 toadstools (D:1)
6 creatures vanquished.

Grand Total: 29 creatures vanquished

Notes
Turn   | Place    | Note
--------------------------------------------------------------
     0 | D:1      | buf2 the Human Wanderer began the quest for the Orb.
     0 | D:1      | buf2 set off with: a book of Frost, a wand of random effects (15/48), a +0 robe, a +0 club, a bread ration
     0 | D:1      | Reached XP level 1. HP: 13/13 MP: 1/1
   249 | D:1      | Reached XP level 2. HP: 18/19 MP: 3/3
   838 | D:1      | Reached XP level 3. HP: 16/25 MP: 4/4
  1122 | D:1      | Reached skill level 1 in Dodging
  1570 | D:2      | Slain by a worm

Skill      XL: |  1  2  3 |
---------------+----------+-----
Evocations     | 2 |  2.2
Dodging        | 1 |  1.2
Fighting       | |  0.4
Maces & Flails | |  0.4
Armour         | |  0.2
Shields        | |  1.0
Hexes          | |  1.0
Ice Magic      | |  7.0

Action                   || total
-------------------------++-------
Melee: Club              ||    96
       Short sword       ||    55
Throw: Stone             ||     8
Evoke: Wand              ||     2
  Eat: Bread ration      ||     1
Armor: Robe              ||     9
       Leather armour    ||    23
Dodge: Dodged            ||   121
